TOP OF THE 1ST |
Moose Jaw Ghostbusters batting - Pitching for San Diego Smashers : RHP Duane Carlson
|
Pitching: RHP Duane Carlson
|
|
Batting: LHB Dave Stewart
|
0-0: Called Strike 0-1: Ball 1-1: Foul Ball, location: 2F 1-2: Strikes out swinging
|
Batting: RHB Luis Miguel Sánchez
|
0-0: Ball 1-0: Foul Ball, location: 2F 1-1: SINGLE (Flyball, 89S)
|
Batting: LHB Will Vale
|
0-0: Ball 1-0: Fly out, F7 (Popup, 7LSF)
|
Batting: RHB Paco Hernández
|
0-0: Ball 1-0: Hit by Pitch Luis Miguel Sánchez to second
|
Batting: LHB Bartolo Villanueva
|
0-0: Called Strike 0-1: Called Strike 0-2: Ball 1-2: Foul Ball, location: 2F 1-2: Foul Ball, location: 2F 1-2: Ball 2-2: Ball 3-2: SINGLE (Groundball, 34) Luis Miguel Sánchez to third Paco Hernández to second Luis Miguel Sánchez scores Paco Hernández to third
|
Batting: RHB John Major
|
0-0: Called Strike 0-1: Called Strike 0-2: Strikes out swinging
|
Top of the 1st over - 1 run(s), 2 hit(s), 0 error(s), 2 left on base; Moose Jaw 1 - San Diego 0 |
BOTTOM OF THE 1ST |
San Diego Smashers batting - Pitching for Moose Jaw Ghostbusters : RHP Chandler Lindsey
|
Pitching: RHP Chandler Lindsey
|
|
Batting: RHB Manuel Muñóz
|
0-0: Swinging Strike 0-1: Ball 1-1: Swinging Strike 1-2: Strikes out swinging
|
Batting: RHB Cisco Gatán
|
0-0: Ball 1-0: Fly out, F5 (Popup, 5S)
|
Batting: LHB Bob Cunningham
|
0-0: Ball 1-0: Called Strike 1-1: Ball 2-1: Ball 3-1: Foul Ball, location: 2F 3-2: Fly out, F8 (Flyball, 8LS)
|
Bottom of the 1st over - 0 run(s), 0 hit(s), 0 error(s), 0 left on base; Moose Jaw 1 - San Diego 0 |
TOP OF THE 2ND |
Moose Jaw Ghostbusters batting - Pitching for San Diego Smashers : RHP Duane Carlson
|
Batting: RHB Aaron Wilson
|
0-0: Called Strike 0-1: Ball 1-1: Foul Ball, location: 2F 1-2: DOUBLE (Line Drive, 7LM)
|
Batting: RHB Alberto Sandoval
|
0-0: Swinging Strike 0-1: Swinging Strike 0-2: Ball 1-2: Ball 2-2: Strikes out swinging
|
Batting: LHB Carlos López
|
0-0: Foul Ball, location: 2F 0-1: Fly out, F8 (Line Drive, 78M)
|
Batting: LHB Dave Stewart
|
0-0: Ball 1-0: Swinging Strike 1-1: Called Strike 1-2: Foul Ball, location: 2F 1-2: Foul Ball, location: 2F 1-2: Strikes out swinging
|
Top of the 2nd over - 0 run(s), 1 hit(s), 0 error(s), 1 left on base; Moose Jaw 1 - San Diego 0 |
BOTTOM OF THE 2ND |
San Diego Smashers batting - Pitching for Moose Jaw Ghostbusters : RHP Chandler Lindsey
|
Batting: RHB Lorenzo Martínez
|
0-0: Ball 1-0: Ball 2-0: Swinging Strike 2-1: Called Strike 2-2: Fly out, F9 (Flyball, 9S)
|
Batting: LHB Pedro Cruz
|
0-0: Ball 1-0: Ball 2-0: Ball 3-0: Base on Balls
|
Batting: LHB Raúl Guerra
|
0-0: Ball 1-0: Ball 2-0: Ball 3-0: Base on Balls Pedro Cruz to second
|
Batting: RHB Francisco Castillo
|
0-0: Called Strike 0-1: Called Strike 0-2: Ball 1-2: Ball 2-2: SINGLE (Flyball, 8RS) Pedro Cruz to third Raúl Guerra to second Runner from 3rd tries for Home, SAFE, no throw or cutoff
|
Batting: SHB José González
|
0-0: Ball 1-0: Ball 2-0: Ball 3-0: Called Strike 3-1: Base on Balls Raúl Guerra to third Francisco Castillo to second
|
Batting: RHB Justin Burgess
|
0-0: Ball 1-0: Ball 2-0: Ball 3-0: Base on Balls Raúl Guerra scores Francisco Castillo to third José González to second
|
Batting: RHB Manuel Muñóz
|
0-0: Swinging Strike 0-1: Ball 1-1: Ball 2-1: Ball 3-1: Base on Balls Francisco Castillo scores José González to third Justin Burgess to second
|
Batting: RHB Cisco Gatán
|
0-0: Fly out, F9 (Flyball, 9LM)
|
Batting: LHB Bob Cunningham
|
0-0: Called Strike 0-1: Called Strike 0-2: Ball 1-2: Foul Ball, location: 2F 1-2: Ball 2-2: Strikes out swinging
|
Bottom of the 2nd over - 3 run(s), 1 hit(s), 0 error(s), 3 left on base; Moose Jaw 1 - San Diego 3 |
TOP OF THE 3RD |
Moose Jaw Ghostbusters batting - Pitching for San Diego Smashers : RHP Duane Carlson
|
Batting: RHB Luis Miguel Sánchez
|
0-0: Swinging Strike 0-1: Ball 1-1: Swinging Strike 1-2: Strikes out swinging
|
Batting: LHB Will Vale
|
0-0: Ball 1-0: Foul Ball, location: 2F 1-1: Ball 2-1: Ball 3-1: Called Strike 3-2: Ground out 4-3 (Groundball, 4)
|
Batting: RHB Paco Hernández
|
0-0: Called Strike 0-1: Ball 1-1: Foul Ball, location: 2F 1-2: Ball 2-2: Foul Ball, location: 2F 2-2: Ball 3-2: Foul Ball, location: 2F 3-2: Foul Ball, location: 2F 3-2: Strikes out swinging
|
Top of the 3rd over - 0 run(s), 0 hit(s), 0 error(s), 0 left on base; Moose Jaw 1 - San Diego 3 |
BOTTOM OF THE 3RD |
San Diego Smashers batting - Pitching for Moose Jaw Ghostbusters : RHP Chandler Lindsey
|
Batting: RHB Lorenzo Martínez
|
0-0: Ball 1-0: Fly out, F4 (Popup, 4)
|
Batting: LHB Pedro Cruz
|
0-0: Ball 1-0: Called Strike 1-1: Ball 2-1: Foul Ball, location: 2F 2-2: Foul Ball, location: 2F 2-2: Foul Ball, location: 2F 2-2: Strikes out swinging, 2-3 out at first.
|
Batting: LHB Raúl Guerra
|
0-0: Foul Ball, location: 2F 0-1: Foul Ball, location: 2F 0-2: Foul Ball, location: 2F 0-2: Ball 1-2: Foul Ball, location: 2F 1-2: Foul Ball, location: 2F 1-2: Ball 2-2: SINGLE (Line Drive, 6D)
|
Batting: RHB Francisco Castillo
|
0-0: Ball 1-0: Foul Ball, location: 2F 1-1: Swinging Strike 1-2: Foul Ball, location: 2F 1-2: Strikes out swinging
|
Bottom of the 3rd over - 0 run(s), 1 hit(s), 0 error(s), 1 left on base; Moose Jaw 1 - San Diego 3 |
TOP OF THE 4TH |
Moose Jaw Ghostbusters batting - Pitching for San Diego Smashers : RHP Duane Carlson
|
Batting: LHB Bartolo Villanueva
|
0-0: Called Strike 0-1: Swinging Strike 0-2: Ball 1-2: Strikes out swinging
|
Batting: RHB John Major
|
0-0: Ground out 5-3 (Groundball, 56)
|
Batting: RHB Aaron Wilson
|
0-0: Ball 1-0: Ball 2-0: Ball 3-0: Called Strike 3-1: Foul Ball, location: 2F 3-2: SINGLE (Line Drive, 34D)
|
Batting: RHB Alberto Sandoval
|
0-0: Called Strike 0-1: Ball 1-1: Ball 2-1: Foul Ball, location: 2F 2-2: Ball 3-2: Foul Ball, location: 2F 3-2: Foul Ball, location: 2F 3-2: Fly out, F8 (Flyball, 8RM)
|
Top of the 4th over - 0 run(s), 1 hit(s), 0 error(s), 1 left on base; Moose Jaw 1 - San Diego 3 |
BOTTOM OF THE 4TH |
San Diego Smashers batting - Pitching for Moose Jaw Ghostbusters : RHP Chandler Lindsey
|
Batting: SHB José González
|
0-0: Fly out, F7 (Flyball, 78S)
|
Batting: RHB Justin Burgess
|
0-0: Called Strike 0-1: Fly out, F4 (Line Drive, 4)
|
Batting: RHB Manuel Muñóz
|
0-0: Ball 1-0: Ball 2-0: Called Strike 2-1: Foul Ball, location: 2F 2-2: Ball 3-2: Ground out 6-3 (Groundball, 6)
|
Bottom of the 4th over - 0 run(s), 0 hit(s), 0 error(s), 0 left on base; Moose Jaw 1 - San Diego 3 |
TOP OF THE 5TH |
Moose Jaw Ghostbusters batting - Pitching for San Diego Smashers : RHP Duane Carlson
|
Batting: LHB Carlos López
|
0-0: Fly out, F6 (Flyball, 6)
|
Batting: LHB Dave Stewart
|
0-0: Called Strike 0-1: Ball 1-1: Swinging Strike 1-2: Strikes out looking
|
Batting: RHB Luis Miguel Sánchez
|
0-0: Called Strike 0-1: Swinging Strike 0-2: Strikes out swinging
|
Top of the 5th over - 0 run(s), 0 hit(s), 0 error(s), 0 left on base; Moose Jaw 1 - San Diego 3 |
BOTTOM OF THE 5TH |
San Diego Smashers batting - Pitching for Moose Jaw Ghostbusters : RHP Chandler Lindsey
|
Pitching: RHP José Estrada
|
|
Batting: RHB Cisco Gatán
|
0-0: SINGLE (Groundball, 5L)
|
Batting: LHB Bob Cunningham
|
0-0: DOUBLE (Line Drive, 34D) Cisco Gatán to third
|
Batting: RHB Lorenzo Martínez
|
0-0: Ball 1-0: Foul Ball, location: 2F 1-1: Ball 2-1: Foul Ball, location: 2F 2-2: Foul Ball, location: 2F 2-2: Foul Ball, location: 2F 2-2: Ball 3-2: Base on Balls
|
Batting: LHB Pedro Cruz
|
0-0: Ball 1-0: SINGLE (Groundball, 6) Cisco Gatán scores Bob Cunningham to third Lorenzo Martínez to second
|
Batting: LHB Raúl Guerra
|
0-0: Called Strike 0-1: Ball 1-1: Swinging Strike 1-2: Fly out, F7 (Line Drive, 7S)
|
Batting: RHB Francisco Castillo
|
0-0: Grounds into double play, 4-6-3 (Groundball, 34)
|
Bottom of the 5th over - 1 run(s), 3 hit(s), 0 error(s), 2 left on base; Moose Jaw 1 - San Diego 4 |
TOP OF THE 6TH |
Moose Jaw Ghostbusters batting - Pitching for San Diego Smashers : RHP Duane Carlson
|
Batting: LHB Will Vale
|
0-0: Ball 1-0: Swinging Strike 1-1: Called Strike 1-2: Foul Ball, location: 2F 1-2: Strikes out swinging
|
Batting: RHB Paco Hernández
|
0-0: Ball 1-0: SINGLE (Groundball, 34)
|
Batting: LHB Bartolo Villanueva
|
0-0: Swinging Strike 0-1: Ball 1-1: Ball 2-1: Ball 3-1: Foul Ball, location: 2F 3-2: Foul Ball, location: 2F 3-2: Strikes out swinging
|
Pitching: RHP José Moya
|
|
Batting: RHB John Major
|
0-0: Ball 1-0: Called Strike 1-1: Ball 2-1: Swinging Strike 2-2: Ball 3-2: Strikes out swinging
|
Top of the 6th over - 0 run(s), 1 hit(s), 0 error(s), 1 left on base; Moose Jaw 1 - San Diego 4 |
BOTTOM OF THE 6TH |
San Diego Smashers batting - Pitching for Moose Jaw Ghostbusters : RHP José Estrada
|
Batting: SHB José González
|
0-0: Ball 1-0: Bunt for hit - play at first, batter OUT! 1-3
|
Batting: RHB Justin Burgess
|
0-0: Ball 1-0: Called Strike 1-1: Ground out 5-3 (Groundball, 5S)
|
Batting: RHB Manuel Muñóz
|
0-0: Foul Ball, location: 2F 0-1: Foul Ball, location: 2F 0-2: Ground out 4-3 (Groundball, 4M)
|
Bottom of the 6th over - 0 run(s), 0 hit(s), 0 error(s), 0 left on base; Moose Jaw 1 - San Diego 4 |
TOP OF THE 7TH |
Moose Jaw Ghostbusters batting - Pitching for San Diego Smashers : RHP José Moya
|
Batting: RHB Aaron Wilson
|
0-0: Foul Ball, location: 2F 0-1: Ball 1-1: Ball 2-1: Ball 3-1: SINGLE (Line Drive, 8LS)
|
Batting: RHB Alberto Sandoval
|
0-0: Swinging Strike 0-1: Swinging Strike 0-2: Strikes out looking
|
Batting: LHB Carlos López
|
0-0: Swinging Strike 0-1: Ball 1-1: Ball 2-1: Ball 3-1: Foul Ball, location: 2F 3-2: Base on Balls Aaron Wilson to second
|
Batting: LHB Dave Stewart
|
0-0: Called Strike 0-1: Ball 1-1: Ball 2-1: Swinging Strike 2-2: Strikes out swinging
|
Batting: RHB Luis Miguel Sánchez
|
0-0: Called Strike 0-1: Swinging Strike 0-2: Ball 1-2: Strikes out looking
|
Top of the 7th over - 0 run(s), 1 hit(s), 0 error(s), 2 left on base; Moose Jaw 1 - San Diego 4 |
BOTTOM OF THE 7TH |
San Diego Smashers batting - Pitching for Moose Jaw Ghostbusters : RHP José Estrada
|
Pitching: RHP Whit Johnson
|
|
Batting: RHB Cisco Gatán
|
0-0: Called Strike 0-1: Ball 1-1: Ground out 4-3 (Groundball, 4)
|
Batting: LHB Bob Cunningham
|
0-0: Ball 1-0: Called Strike 1-1: Ground out 4-3 (Groundball, 34)
|
Batting: RHB Lorenzo Martínez
|
0-0: Fly out, F9 (Flyball, 89M)
|
Bottom of the 7th over - 0 run(s), 0 hit(s), 0 error(s), 0 left on base; Moose Jaw 1 - San Diego 4 |
TOP OF THE 8TH |
Moose Jaw Ghostbusters batting - Pitching for San Diego Smashers : RHP José Moya
|
Batting: LHB Will Vale
|
0-0: Ball 1-0: Ball 2-0: Foul Ball, location: 2F 2-1: Ball 3-1: Foul Ball, location: 2F 3-2: Strikes out swinging
|
Batting: RHB Paco Hernández
|
0-0: Ball 1-0: Ball 2-0: Ball 3-0: Base on Balls
|
Pitching: RHP Pepe Guillén
|
|
Batting: LHB Bartolo Villanueva
|
0-0: Swinging Strike 0-1: Ball 1-1: Ball Wild Pitch! Paco Hernández to second 2-1: Ball 3-1: Ground out 4-3 (Groundball, 4) Paco Hernández to third
|
Pitching: RHP Mark Ross
|
|
Batting: RHB John Major
|
0-0: Ball 1-0: Ball Wild Pitch! Paco Hernández scores 2-0: Foul Ball, location: 2F 2-1: Foul Ball, location: 2F 2-2: Ball 3-2: Base on Balls
|
Batting: RHB Aaron Wilson
|
0-0: Foul Ball, location: 2F 0-1: Foul Ball, location: 2F 0-2: Ball 1-2: Foul Ball, location: 2F 1-2: Fly out, F9 (Popup, 89S)
|
Top of the 8th over - 1 run(s), 0 hit(s), 0 error(s), 1 left on base; Moose Jaw 2 - San Diego 4 |
BOTTOM OF THE 8TH |
San Diego Smashers batting - Pitching for Moose Jaw Ghostbusters : RHP Whit Johnson
|
Batting: LHB Pedro Cruz
|
0-0: Ball 1-0: Swinging Strike 1-1: Ball 2-1: Called Strike 2-2: Ball 3-2: Foul Ball, location: 2F 3-2: Ground out 4-3 (Groundball, 34)
|
Batting: LHB Raúl Guerra
|
0-0: Ball 1-0: Ball 2-0: Ball 3-0: Called Strike 3-1: Base on Balls
|
Batting: RHB Francisco Castillo
|
0-0: Foul Ball, location: 2F 0-1: Ball 1-1: Ball 2-1: Ball 3-1: Swinging Strike 3-2: Foul Ball, location: 2F 3-2: Base on Balls Raúl Guerra to second
|
Pitching: RHP Raúl Saltines
|
|
Batting: SHB José González
|
0-0: Ball 1-0: Foul Ball, location: 2F 1-1: Foul Ball, location: 2F 1-2: Ball 2-2: Ball 3-2: SINGLE (Groundball, 34) Raúl Guerra to third Francisco Castillo to second Runner from 3rd tries for Home, SAFE, throw made home
|
Batting: RHB Justin Burgess
|
0-0: Ball 1-0: Foul Ball, location: 2F 1-1: Ball 2-1: Ball Wild Pitch! Francisco Castillo to third José González to second 3-1: Swinging Strike 3-2: Base on Balls
|
Pinch Hitting: SHB Yoshitoki Kouda
|
0-0: Hit by Pitch Francisco Castillo scores José González to third Justin Burgess to second
|
Batting: RHB Cisco Gatán
|
0-0: Ball 1-0: Ball 2-0: SINGLE (Flyball, 89S) José González scores Justin Burgess to third Yoshitoki Kouda to second Runner from 3rd tries for Home, SAFE, throw made home
|
Pitching: LHP Raúl Sandoval
|
|
Batting: LHB Bob Cunningham
|
0-0: SINGLE (Groundball, 34D) Yoshitoki Kouda to third Cisco Gatán to second Runner from 3rd tries for Home, SAFE, no throw or cutoff
|
Pinch Hitting: RHB Luis Peña
|
0-0: Ball 1-0: 3-RUN HOME RUN (Flyball, 7D), Distance : 354 ft
|
Pinch Hitting: RHB Will Bryant
|
0-0: Foul Ball, location: 2F 0-1: Swinging Strike 0-2: Strikes out looking
|
Batting: LHB Raúl Guerra
|
0-0: Foul Ball, location: 2F 0-1: Foul Ball, location: 2F 0-2: Ball 1-2: Strikes out swinging
|
Bottom of the 8th over - 8 run(s), 4 hit(s), 0 error(s), 0 left on base; Moose Jaw 2 - San Diego 12 |
TOP OF THE 9TH |
Moose Jaw Ghostbusters batting - Pitching for San Diego Smashers : RHP Mark Ross
|
Now at 1B: Paul Anthony
|
|
Now at 3B: Will Bryant
|
|
Now in LF: Yoshitoki Kouda
|
|
Now in RF: Luis Peña
|
|
Pinch Hitting: RHB Ánibal Pérez
|
0-0: Swinging Strike 0-1: Ground out 5-3 (Groundball, 56)
|
Batting: LHB Carlos López
|
0-0: Ball 1-0: Foul Ball, location: 2F 1-1: Ball 2-1: Ground out 4-3 (Groundball, 34)
|
Batting: LHB Dave Stewart
|
0-0: Called Strike 0-1: Ground out U3 (Groundball, 3)
|
Top of the 9th over - 0 run(s), 0 hit(s), 0 error(s), 0 left on base; Moose Jaw 2 - San Diego 12 |
|